[Event "ISR-chT 2020"]
[Site "Israel"]
[Date "2020.02.14"]
[Round "7.15"]
[White "Kuprijanov, Anatoly"]
[Black "Bagrationi, Alexander"]
[Result "1-0"]
[ECO "E74"]
[WhiteElo "2238"]
[BlackElo "2491"]
[Annotator "RC"]
[PlyCount "163"]
[EventDate "2020.01.10"]
[EventType "team-tourn"]
[EventCountry "ISR"]
[SourceTitle "playchess.com"]
[Source "ChessBase"]
[SourceQuality "1"]
[TimeControl "40/5400+30:1800+30"]

1. d4 Nf6 2. c4 g6 3. Nc3 Bg7 4. e4 O-O 5. Be2 d6 6. Bg5 c5 7. dxc5 Qa5 8. Qd2 dxc5 9. e5 Rd8 10. Qe3 Ng4 11. Bxg4 Bxg4 12. Bxe7 Nc6 13. Bxd8 Rxd8 14. Nge2 Nb4 15. O-O Nc2 16. Qe4 Bf5 17. Qxb7 Nxa1 18. Rxa1 Bxe5 19. Qe7 Bd6 20. Qe3 Bd3 21. Rd1 Bxc4 22. Rxd6 Rxd6 23. Qe8+ Kg7 24. Qe5+ Rf6 25. g4 h6 26. h4 Kg8 27. Qxf6 Bxe2 28. Qf4 Bd3 29. Qe3 Bc4 30. a3 Be6 31. Qxh6 Bxg4 32. Qg5 Bf5 33. Qf6 c4 34. Qd4 Be6 35. Ne4 Qf5 36. Nf6+ Kf8 37. Nh7+ Ke8 38. Nf6+ Ke7 39. Ng8+ Kf8 40. Nf6 Ke7 41. Ne4 Qg4+ 42. Kf1 Qxh4 43. Qxa7+ Kf8 44. Qb8+ Kg7 45. Qe5+ Kf8 46. Ke1 Qh1+ 47. Kd2 Qh6+ 48. Ng5 Ke7 49. Kc3 Qh1 50. Kb4 Qb7+ 51. Qb5 Qxb5+ 52. Kxb5 Bd5 53. Kc5 Bg2 54. Kd4 f6 55. Ne4 g5 56. a4 g4 57. Nd2 Ke6 58. Nxc4 Bc6 59. a5 f5 60. Ne5 Bb5 61. Ng6 Kd6 62. b4 Bf1 63. Nf4 Bb5 64. Nd5 Be2 65. Nf4 Bb5 66. Nd5 Be2 67. Nc3 Bf1 68. Ke3 Bc4 69. Kf4 Bd3 70. b5 Kc5 71. b6 Ba6 72. Kxf5 Kb4 73. Nd5+ Kxa5 74. Ke5 Bb7 75. Kd6 Bxd5 76. Kxd5 Kxb6 77. Ke5 Kc6 78. Kf5 Kd6 79. Kxg4 Ke6 80. Kg5 Kf7 81. Kf5 Kf8 82. Kf6 1-0